 Dungeon Crawl Stone Soup version 0.31-a0-859-g9dce7d3444 (webtiles) character file.

Game seed: 17355097174867214529

430 Fodor the Trooper (level 6, -3/56 HPs)
             Began as a Minotaur Fighter on Oct 10, 2023.
             Killed by divine providence
             ... invoked by an orc priest
              (14 damage)
             ... on level 4 of the Dungeon.
             The game lasted 00:11:30 (2342 turns).

Fodor the Trooper (Minotaur Fighter)                Turns: 2342, Time: 00:11:31

Health: -3/56      AC: 12    Str: 22    XL:     6   Next: 66%
Magic:  5/5        EV:  9    Int:  5    God:
Gold:   185        SH:  0    Dex: 10    Spells: 5/5 levels left

rFire   . . .        o - +0 scythe
rCold   . . .        (shield currently unavailable)
rNeg    . . .        b - +0 chain mail
rPois   .            (helmet restricted)
rElec   .            s - +0 cloak
rCorr   .            (no gloves)
SInv    .            f - +0 pair of boots
Will    .....        (no amulet) Stlth
                     (no ring)
HPRegen 0.29/turn    (no ring)
MPRegen 0.09/turn

%: no passive effects
@: no status effects
A: horns 2, retaliatory headbutt
a: no special abilities


You were on level 4 of the Dungeon.
You visited 1 branch of the dungeon, and saw 4 of its levels.

You collected 185 gold pieces.

Inventory:

Hand Weapons
 a - a +0 long sword
 o - a +0 scythe (weapon)
Missiles
 v - 10 poisoned darts
 w - a throwing net
Armour
 b - a +0 chain mail (worn)
 c - a +0 buckler
 f - a +0 pair of boots (worn)
 s - a +0 cloak (worn)
Scrolls
 e - 3 scrolls of teleportation {unknown}
 g - 3 scrolls of identify {unknown}
 h - a scroll of noise {unknown}
 j - a scroll of poison {unknown}
 k - 2 scrolls of vulnerability {unknown}
 m - a scroll of fear {unknown}
 p - a scroll of fog {unknown}
 t - a scroll of enchant weapon {unknown}
Potions
 d - 2 potions of might
 i - 3 potions of heal wounds {unknown}
 l - a potion of curing {unknown}
 n - a potion of attraction {unknown}
 q - a potion of mutation {unknown}
 r - a potion of lignification {unknown}
 u - a potion of resistance {unknown}


   Skills:
 + Level 5.4 Fighting
 + Level 5.1 Long Blades
 + Level 2.3 Polearms
 + Level 0.1 Throwing
 + Level 5.1 Armour
 + Level 1.7 Dodging
 + Level 0.5 Stealth
 + Level 4.2 Shields


You had 5 spell levels left.
You didn't know any spells.
Your spell library contained the following spells:

 Spells                   Type           Power      Damage    Failure   Level
 Apportation              Tloc           0%         N/A       97%         1
 Necrotise                Necr           0%         1d4       97%         1
 Summon Small Mammal      Summ           0%         N/A       97%         1


Dungeon Overview and Level Annotations

Branches:
Dungeon (4/15)
 Temple: D:4-7

Altars:
Dithmenos
Qazlal


Innate Abilities, Weirdness & Mutations

You have a pair of horns on your head.
You reflexively headbutt those who attack you in melee.


Message History

You kill the orc!
The phantom hits you but does no damage.
You hit the orc priest but do no damage.
Your headbutt misses the orc priest. The phantom misses you.
The orc priest mumbles some strange prayers to Beogh against you.
Pain shoots through your body!
The phantom hits you but does no damage.
The orc hits you with a +0 hand axe. The orc hits you with a +0 club.
The hobgoblin barely misses you. You furiously retaliate!
You headbutt the hobgoblin!
You kill the hobgoblin!
The orc priest hits you but does no damage.
You see here a +0 dagger.
The phantom attacks as it pursues you!
The phantom hits you but does no damage.
The orc closely misses you. You furiously retaliate!
You headbutt the orc!
You kill the orc!
The orc barely misses you. You furiously retaliate!
You headbutt the orc!
You kill the orc!
You closely miss the phantom. You headbutt the phantom!
The phantom is heavily damaged.
The phantom hits you but does no damage.
The orc priest hits you but does no damage.
Unknown command.
You closely miss the phantom.
The phantom is heavily damaged.
The phantom barely misses you. The orc priest barely misses you.
You completely miss the phantom.
The phantom is heavily damaged.
The phantom closely misses you. The orc priest closely misses you.
The phantom hits you but does no damage.
The orc priest mumbles some strange prayers to Beogh against you.
Beogh smites you!
* * * LOW HITPOINT WARNING * * *
You hit the phantom but do no damage. You headbutt the phantom.
The phantom is severely damaged.
The phantom closely misses you.
The orc priest invokes the aid of Beogh against you.
Beogh smites you!
You die...

... .# ..## .##
..###.... ##........
##...# #....# ###))##
##Wo:# ## #.@..##
######.#
.......#...###.#....##
..#....####.#........#
#..... #..........##
......#...<.........#
..>...#......##.....#
.....##.....#####.####
............#####....##
#..........##.....#


You could see a phantom and an orc priest.

Vanquished Creatures
  Sigmund (D:2)
  A phantom (D:3)
  An iguana (D:4)
  4 gnolls
  3 adders
  A white imp (D:3)
  3 worms
  3 dart slugs
  4 orcs
  5 endoplasms
  4 giant cockroaches
  10 goblins
  5 hobgoblins
  3 jackals (D:1)
  12 kobolds
  4 quokkas
  3 ball pythons
  7 bats
  A frilled lizard (D:1)
  3 rats
78 creatures vanquished.

Notes
Turn   | Place    | Note
-------+----------+-------------------------------------------
     0 | D:1      | Fodor the Minotaur Fighter began the quest for the Orb.
     0 | D:1      | Reached XP level 1. HP: 19/19 MP: 0/0
   249 | D:1      | Reached XP level 2. HP: 27/27 MP: 1/1
   537 | D:1      | Reached XP level 3. HP: 28/33 MP: 2/2
   805 | D:2      | Found a faded altar of an unknown god.
  1006 | D:2      | Noticed Sigmund
  1019 | D:2      | Killed Sigmund
  1020 | D:2      | Reached skill level 1 in Dodging
  1020 | D:2      | Reached XP level 4. HP: 19/41 MP: 3/3
  1020 | D:2      | Reached XP level 5. HP: 22/47 MP: 4/4
  1266 | D:2      | Reached skill level 5 in Fighting
  1513 | D:3      | Found a stormy altar of Qazlal.
  1518 | D:3      | Noticed a phantom
  1530 | D:3      | Killed a phantom
  1531 | D:3      | Reached skill level 5 in Long Blades
  1531 | D:3      | Reached skill level 1 in Polearms
  1531 | D:3      | Reached XP level 6. HP: 44/56 MP: 5/5
  1848 | D:3      | Reached skill level 5 in Armour
  2224 | D:4      | Found a shadowy altar of Dithmenos.
  2342 | D:4      | Killed from afar by an orc priest

Illustrated notes

Levels and vault maps discovered:
D:1:      minmay_arrival_doors, layout_basic, minmay_tetromino_o4
D:2:      layout_basic, ebering_ecumenical_altar_ruins, nicolae_titane,
          uniq_sigmund
D:3:      layout_basic, amcnicky_altar_gilded
D:4:      layout_cave_pools, mainiacjoe_overflow_tiny_flanked, uniq_duvessa,
          uniq_edmund

Skill      XL: |  1  2  3  4  5  6 |
---------------+-------------------+-----
Fighting       | 4 5 |  5.4
Shields        | 4 |  4.2
Long Blades    | 3 4 5 |  5.1
Armour         | 4 5 |  5.1
Dodging        | 1 |  1.7
Polearms       | 1 2 |  2.3
Throwing       | |  0.1
Stealth        | |  0.5

Action                     |  1- 3 |  4- 6 || total
---------------------------+-------+-------++-------
  Melee: Long sword        |   104 |       ||   104
         Headbutt          |    10 |    15 ||    25
         Halberd           |       |    88 ||    88
  Throw: Dart              |       |     5 ||     5
 Armour: Scale mail        |    58 |       ||    58
         Chain mail        |    18 |   107 ||   125
  Dodge: Dodged            |    62 |    80 ||   142
  Block: Buckler           |    22 |       ||    22

Table legend: (Time is in decaauts)
 A = Elapsed time spent in this place.
 B = Non-inter-level travel time spent in this place.
 C = Inter-level travel time spent in this place.
 D = Time resting spent in this place.
 E = Time spent auto-exploring this place.
 F = Levels seen in this place.
 G = Mean time per level.
                   A        B        C        D        E       F      G
               +--------+--------+--------+--------+--------+-----+--------+
         Total |   2408 |   2337 |     71 |    199 |      0 |   4 |  602.0 |
       Dungeon |   2408 |   2337 |     71 |    199 |      0 |   4 |  602.0 |
               +--------+--------+--------+--------+--------+-----+--------+

Top non-repeatable levels by time:
     D:1: 778 daAuts
     D:2: 753 daAuts
     D:3: 752 daAuts
     D:4: 123 daAuts
